 Dungeon Crawl Stone Soup version 0.22.1-2-g9c5b331 (webtiles) character file.

170 empire the Slasher (level 5, -3/46 HPs)
             Began as a Minotaur Fighter on Nov 21, 2018.
             Killed by divine providence
             ... invoked by an orc priest
              (12 damage)
             ... on level 3 of the Dungeon.
             The game lasted 00:03:44 (1866 turns).

empire the Slasher (Minotaur Fighter)               Turns: 1866, Time: 00:03:44

Health: -3/46      AC:  7    Str: 22    XL:     5   Next: 25%
Magic:  4/4        EV:  8    Int:  5    God:
Gold:   99         SH:  9    Dex:  9    Spells: 4/4 levels left

rFire    . . .     SeeInvis .   a - +0 long sword
rCold    . . .     Gourm    .   c - +0 shield
rNeg     . . .     Faith    .   b - +0 scale mail
rPois    .         Spirit   .   (helmet restricted)
rElec    .         Reflect  .   (no cloak)
rCorr    .         Harm     .   (no gloves)
MR       .....                  (no boots)
Stlth    ..........             (no amulet)
HPRegen  0.15/turn              (no ring)
MPRegen  0.09/turn              (no ring)

@: no status effects
A: retaliatory headbutt, horns 2
a: no special abilities


You were on level 3 of the Dungeon.
You were not hungry.

You visited 1 branch of the dungeon, and saw 3 of its levels.

You collected 99 gold pieces.

Inventory:

Hand Weapons
 a - a +0 long sword (weapon)
Armour
 b - a +0 scale mail (worn)
 c - a +0 shield (worn)
Jewellery
 m - a +3 ring of evasion {unknown}
Scrolls
 e - a scroll of random uselessness {unknown}
 g - a scroll of blinking {unknown}
 h - 4 scrolls of identify {unknown}
 i - 3 scrolls of teleportation {unknown}
 j - 3 scrolls of remove curse {unknown}
 l - a scroll of magic mapping {unknown}
Potions
 d - 3 potions of might
 k - a potion of brilliance {unknown}
Comestibles
 f - 6 rations
 n - 5 chunks of flesh


   Skills:
 - Level 4.0 Fighting
 * Level 5.1 Long Blades
 - Level 4.0 Armour
 + Level 2.5 Dodging
 - Level 4.0 Shields


You had 4 spell levels left.
You didn't know any spells.
Your spell library contained the following spells:

 Spells                   Type           Power        Failure   Level  Hunger
 Confusing Touch          Hex            #.....       99%         1    ##.....
 Confuse                  Hex            #.......     100%        3    ####...
 Gell's Gravitas          Tloc           #.........   100%        3    ####...
 Petrify                  Tmut/Erth      #.......     100%        4    #####..
 Metabolic Englaciation   Hex/Ice        #.........   100%        5    ######.
 Yara's Violent Unravell  Hex/Tmut       #.........   100%        5    ######.


Dungeon Overview and Level Annotations

Branches:
Dungeon (3/15)

Altars:


Innate Abilities, Weirdness & Mutations

You reflexively headbutt those who attack you in melee.
You have a pair of horns on your head.


Message History

Your headbutt misses the goblin. The goblin hits you but does no damage.
You closely miss the goblin. Your headbutt misses the goblin.
The goblin hits you but does no damage. You block the goblin's attack.
You closely miss the goblin.
The orc priest invokes the aid of Beogh against you.
Beogh smites you!
* * * LOW HITPOINT WARNING * * *
You block the goblin's attack.
You see here a leather armour.
You closely miss the goblin.
You headbutt the goblin, but do no damage.
The goblin barely misses you. You furiously retaliate!
You headbutt the goblin.
You riposte.
You closely miss the goblin.
The goblin is severely wounded.
You closely miss the goblin. You headbutt the goblin.
You kill the goblin!
You barely miss the orc priest.
The orc priest mumbles some strange prayers to Beogh against you.
Beogh smites you!
You die...

....## .....# ....#
.....# ### ....### ..##.#
#.. ...... ..##.# #.#
....# .###.# #.# ....# .#
#.# #.# ... ## #.#
#.#####)###### #.#
#...)@oo.....#
#.#######....)........
####...........###.####.#
...##########........
...### #..###.###
.....###### #..# %.
........... ...# ##
.....########..# ...###
#..#


You could see an orc priest and an orc.

Vanquished Creatures
  An orc priest (D:3)
  Ijyb (D:2)
  3 adders
  4 worms
  3 dart slugs
  2 leopard geckos (D:2)
  5 orcs (D:3)
  9 bats
  2 giant cockroaches (D:1)
  16 goblins
  6 hobgoblins
  2 jackals (D:1)
  2 frilled lizards (D:2)
  4 kobolds
  3 rats
63 creatures vanquished.

Notes
Turn   | Place    | Note
-------+----------+-------------------------------------------
     0 | D:1      | empire the Minotaur Fighter began the quest for the Orb.
     0 | D:1      | Reached XP level 1. HP: 19/19 MP: 0/0
    66 | D:1      | Reached XP level 2. HP: 24/27 MP: 1/1
    84 | D:1      | Reached skill level 3 in Long Blades
   471 | D:1      | Reached skill level 1 in Dodging
   661 | D:2      | Reached XP level 3. HP: 33/33 MP: 2/2
  1122 | D:2      | Noticed Ijyb
  1129 | D:2      | Paralysed by Ijyb for 3 turns
  1135 | D:2      | Paralysed by Ijyb for 5 turns
  1146 | D:2      | Paralysed by Ijyb for 6 turns
  1152 | D:2      | Killed Ijyb
  1152 | D:2      | Reached skill level 4 in Long Blades
  1152 | D:2      | Reached XP level 4. HP: 40/40 MP: 3/3
  1851 | D:3      | Reached skill level 5 in Long Blades
  1851 | D:3      | Reached XP level 5. HP: 23/46 MP: 4/4
  1866 | D:3      | Killed from afar by an orc priest

Skill      XL: |  1  2  3  4 |
---------------+-------------+-----
Long Blades    | 3 4 5 |  5.1
Dodging        | 1 2 |  2.5
Armour         | 4 |  4.0
Shields        | 4 |  4.0
Fighting       | 4 |  4.0

Action                   |  1- 3 |  4- 6 || total
-------------------------+-------+-------++-------
Melee: Long sword        |    91 |    50 ||   141
       Headbutt          |    13 |     6 ||    19
  Eat: Chunk             |     1 |     2 ||     3
Armor: Scale mail        |    62 |    12 ||    74
Dodge: Dodged            |    36 |    21 ||    57
Block: Shield            |    71 |    19 ||    90
       Rpst.: Long sword |    11 |     4 ||    15
